 Dungeon Crawl Stone Soup version 0.17-a0-1-g1f4be75 (webtiles) character file.

380 Gronka the Covered (level 7, -1/54 HPs)
             Began as a Human Fighter on Mar 9, 2015.
             Slain by Duvessa
             ... wielding a +0 rapier
              (12 damage)
             ... on level 4 of the Dungeon.
             The game lasted 00:10:32 (3785 turns).

Gronka the Covered (Human Fighter)                  Turns: 3785, Time: 00:10:34

Health: -1/54      AC:  9    Str: 18    XL:     7   Next: 5%
Magic:  7/7        EV:  7    Int:  9    God:
Gold:   168        SH:  0    Dex: 12    Spells: 0 memorised, 6 levels left

rFire  . . .     SeeInvis .     z - +0 great sword
rCold  . . .     Clarity  .     j - +0 chain mail
rNeg   . . .     SustAb   .     (no shield)
rPois  +         Gourm    .     (helmet restricted)
rElec  .         Spirit   .     v - +0 cloak
rCorr  .         Warding  .     (no gloves)
rMut   .         Stasis   .     (no boots)
MR     .....                    (no amulet)
Stlth  ..........               y - ring of poison resistance
                                (no ring)

@: heavily drained, not resistant to hostile enchantments, extremely unstealthy
A: horns 1, wild magic 1
a: no special abilities


You were on level 4 of the Dungeon.
You were full.

You visited 1 branch of the dungeon, and saw 4 of its levels.

You collected 168 gold pieces.

Inventory:

Hand weapons
 a - a +1 long sword
 z - a +0 great sword (weapon)
Armour
 b - a +0 scale mail
 c - a +0 shield
 j - a +0 chain mail (worn)
 p - a +0 helmet
 v - a +0 cloak (worn)
Jewellery
 y - a ring of poison resistance (right hand)
Magical devices
 d - a wand of polymorph (13)
Scrolls
 f - a scroll of remove curse
 m - a scroll of fear
 t - a scroll of teleportation
 u - a scroll of blinking {unknown}
Potions
 e - a potion of might
 g - a potion of agility
 i - a potion of restore abilities
 l - a potion of haste {unknown}
 o - a potion of mutation
 q - a potion of magic {unknown}
Books
 A - a book of Unlife

   Spells                             Type                      Level
   a - Recall                         Summoning/Translocation      3
   b - Animate Dead                   Necromancy                   4
   c - Control Undead                 Necromancy                   4
   d - Cigotuvi's Embrace             Necromancy                   5
   e - Death Channel                  Necromancy                   6
   f - Simulacrum                     Ice/Necromancy               6
Comestibles
 n - 3 beef jerkies
 r - 3 fruits
 w - a royal jelly
 x - a slice of pizza
 C - a bread ration


   Skills:
 + Level 4.0(1.8) Fighting
 + Level 3.9(1.6) Long Blades
 + Level 4.6(2.2) Armour
 + Level 1.4(0.0) Dodging
 + Level 4.2(1.9) Shields


You had 6 spell levels left.
You didn't know any spells.

Dungeon Overview and Level Annotations

Branches:
Dungeon (4/15)
 Temple: D:4-7

Altars:

Shops:
D:4 **

Annotations:
D:3 Blork the orc
D:4 Duvessa


Innate Abilities, Weirdness & Mutations

You have a pair of small horns on your head.
Your spells are a little harder to cast, but a little more powerful.


Message History

You closely miss the orc.
The orc is almost dead.
The orc hits you but does no damage. x2
You slash the orc!
You kill the orc!
You start resting.
Duvessa is nearby!
Duvessa goes berserk!
Duvessa rages.
Duvessa hits you with a rapier.
Items here: )) [[ a flail; a ring mail; a hand axe; a leather armour You barely miss Duvessa.
Duvessa closely misses you. Duvessa barely misses you.
Your chain mail prevents you from hitting Duvessa.
You headbutt Duvessa!
Duvessa is lightly wounded.
Duvessa hits you with a rapier!
* * * LOW HITPOINT WARNING * * *
Duvessa hits you with a rapier!
You die...

...
#..###..<..##
.# .# #.##
###....## .#
..#
#.....####..#
#.##
#...........# .
..
#...........#
....
##...######....
....### ##<..##
###.
#....##.....##
#...e@.......#
.#
#...##).#.....#
.# #..
#...###.... .##
#. ##..# ##.
... # ##..# ..
.... .# ....
.## ... .###
..# ###...# .


You could see Duvessa (berserk).

Vanquished Creatures
  Dowan (D:4)
  2 orc priests (D:4)
  A worker ant (D:4)
  Robin (D:2)
  8 adders
  4 gnolls (D:2)
  2 giant mites
  4 worms
  4 giant geckos
  13 orcs
  5 giant cockroaches
  14 goblins
  10 hobgoblins
  3 quokkas
  9 bats
  3 giant newts
  10 jackals
  12 kobolds
  7 rats
113 creatures vanquished.

Notes
Turn   | Place    | Note
--------------------------------------------------------------
     0 | D:1      | Gronka, the Human Fighter, began the quest for the Orb.
     0 | D:1      | Reached XP level 1. HP: 18/18 MP: 1/1
   127 | D:1      | Reached XP level 2. HP: 24/24 MP: 2/2
   453 | D:1      | Reached XP level 3. HP: 27/29 MP: 3/3
  1084 | D:2      | Reached XP level 4. HP: 18/35 MP: 4/4
  1452 | D:2      | Reached XP level 5. HP: 38/41 MP: 5/5
  1505 | D:2      | Noticed Robin
  1562 | D:2      | Killed Robin
  1835 | D:2      | Reached skill level 1 in Dodging
  1835 | D:2      | Reached skill level 4 in Shields
  2363 | D:3      | Reached XP level 6. HP: 48/48 MP: 6/6
  2853 | D:4      | Noticed Duvessa
  2883 | D:4      | Noticed Dowan
  2902 | D:4      | Killed Dowan
  3251 | D:4      | Found Rusot's Assorted Antiques.
  3293 | D:4      | Found Xaivi's Assorted Antiques.
  3380 | D:4      | Noticed Blork the orc
  3403 | D:4      | Gained mutation: Your spells are a little harder to cast, but a little more powerful. [potion of mutation]
  3403 | D:4      | Gained mutation: You have a pair of small horns on your head. [potion of mutation]
  3739 | D:4      | Reached XP level 7. HP: 22/54 MP: 7/7
  3785 | D:4      | Slain by Duvessa

Action                   |  1- 3 |  4- 6 |  7- 9 || total
-------------------------+-------+-------+-------++-------
Melee: Long sword        |   110 |   175 |       ||   285
       Great sword       |       |   144 |     8 ||   152
  Use: Scroll            |       |    10 |       ||    10
       Potion            |       |     5 |       ||     5
  Eat: Bread ration      |     1 |       |       ||     1
       Meat ration       |       |     2 |       ||     2
